 Dungeon Crawl Stone Soup version 0.28-a0-1404-g4df0f3684d (webtiles) character file.

Game seed: 16542262435415585209

1098 HallandMoats the Shield-Bearer (level 8, 0/63 HPs)
             Began as a Formicid Fighter on Jan 6, 2022.
             Was a Believer of Ru.
             Slain by a water moccasin (5 damage)
             ... on level 6 of the Dungeon.
             The game lasted 00:06:26 (6772 turns).

HallandMoats the Shield-Bearer (Formicid Fighter)   Turns: 6772, Time: 00:06:26

Health: 0/63       AC:  9    Str: 22    XL:     8   Next: 57%
Magic:  11/11      EV: 10    Int:  7    God:    Ru [**....]
Gold:   229        SH:  5    Dex: 12    Spells: 7/7 levels left

rFire   + + .      SeeInvis +   a - +0 whip (elec)
rCold   + . .      Faith    .   c - +0 buckler
rNeg    . . .      Spirit   .   b - +0 scale mail
rPois   +          Reflect  .   (helmet unavailable)
rElec   +          Harm     .   (no cloak)
rCorr   +          Rampage  .   (no gloves)
Will    .....                   f - +1 pair of boots
Stlth   ..........              (no amulet)
HPRegen 0.20/turn               n - ring of protection from fire
MPRegen 0.12/turn               (no ring)

@: lethally poisoned (0 -> -5), resistant
A: permanent stasis, dig shafts and tunnels, antennae 3, no stealth, hated by
all, four strong arms
a: Dig, Shaft Self, Renounce Religion


You were on level 6 of the Dungeon.
You worshipped Ru.
Ru was pleased with you.
You visited 1 branch of the dungeon, and saw 6 of its levels.

You collected 229 gold pieces.

Inventory:

Hand Weapons
 a - a +0 whip of electrocution (weapon)
 p - a +1 war axe
Armour
 b - a +0 scale mail (worn)
 c - a +0 buckler (worn)
 f - a +1 pair of boots (worn)
Jewellery
 n - a ring of protection from fire (left hand)
Scrolls
 d - a scroll of brand weapon {unknown}
 e - 2 scrolls of identify
 h - a scroll of enchant armour {unknown}
 i - a scroll of vulnerability {unknown}
 l - a scroll of teleportation {unknown}
 m - 2 scrolls of fear {unknown}
 o - a scroll of torment {unknown}
 q - a scroll of magic mapping {unknown}
 s - a scroll of enchant weapon
Potions
 k - a potion of haste {unknown}
 t - a potion of brilliance {unknown}


   Skills:
 + Level 5.4 Fighting
 + Level 4.2 Axes
 + Level 5.3 Armour
 + Level 3.2 Dodging
 + Level 5.8 Shields
 + Level 4.4 Invocations


You had 7 spell levels left.
You didn't know any spells.
Your spell library contained the following spells:

 Spells                   Type           Power      Damage    Failure   Level
 Magic Dart               Conj           0%         1d3       80%         1
 Sandblast                Erth           0%         2d4       80%         1
 Passwall                 Tmut/Erth      0%         N/A       91%         2
 Gell's Gravitas          Tloc           0%         N/A       99%         3
 Mephitic Cloud           Conj/Pois/Air  0%         N/A       99%         3
 Stone Arrow              Conj/Erth      0%         3d7       99%         3
 Teleport Other           Tloc           0%         N/A       99%         3
 Dispersal                Tloc           0%         N/A       100%        6
 Call Imp                 Summ           Unusable   N/A       N/A         2

Dungeon Overview and Level Annotations

Branches:
Dungeon (6/15)
 Temple: D:4-7

Altars:
Ru
Sif Muna

Annotations:
D:5 1 transporter


Innate Abilities, Weirdness & Mutations

You cannot be hasted, slowed, berserked, paralysed or teleported.
You can dig through walls and to a lower floor.
You have a pair of large antennae on your head. (SInv)
You cannot be stealthy.
You are hated by all.
Your four strong arms can wield two-handed weapons with a shield.


Message History

The water moccasin hisses angrily.
There is a stone staircase leading up here.
You feel sick.
You feel sick.
You feel sick.
You feel sick.
You feel sick.
You feel sick. You block the water moccasin's attack.
There is a stone staircase leading up here.
It was a potion of resistance.
You feel protected.
You feel sick. The water moccasin misses you.
It was a potion of ambrosia.
You are confused.
You feel invigorated.
You feel sick.
You are no longer poisoned.
The water moccasin barely misses you.
It was a potion of curing.
You feel better.
You feel less invigorated.
The water moccasin bites you but does no damage. x2
You closely miss the water moccasin. The water moccasin bites you!
* * * LOW HITPOINT WARNING * * *
You miss the water moccasin.
The water moccasin is stunned by your conviction and fails to attack.
You block the water moccasin's attack.
You closely miss the water moccasin.
The water moccasin bites you but does no damage.
The water moccasin bites you.
* * * LOW HITPOINT WARNING * * *
You are lethally poisoned!
The water moccasin poisons you!
You hit the water moccasin but do no damage.
Lightning courses through the water moccasin!
The water moccasin is moderately wounded.
* * * LOW HITPOINT WARNING * * *
You feel sick. You block the water moccasin's attack.
You whack the water moccasin!
The water moccasin is severely wounded.
* * * LOW HITPOINT WARNING * * *
You feel sick. The water moccasin bites you.
You die...

# { ## ##.# ###
#. .#. #.. .#..
#.# ... #.# #.#
#.####.######.#
#......<....S@#
######.########
###


You could see a water moccasin.

Vanquished Creatures
  Sigmund (D:3)
  Menkaure (D:4)
  An ice beast (D:5)
  An ogre (D:5)
  A phantom (D:5)
  A scorpion (D:5)
  A howler monkey (D:5)
  A jelly (D:4)
  An orc priest (D:3)
  2 bullfrog zombies (D:5)
  2 gnoll shamans
  An iguana (D:4)
  An orc wizard (D:3)
  11 gnolls
  4 adders
  A shadow imp (D:5)
  A white imp (D:5)
  An ufetubus (D:5)
  3 dart slugs
  7 orcs
  6 bats
  6 endoplasms
  3 giant cockroaches
  8 goblins
  7 hobgoblins
  7 kobolds
  A quokka (D:1)
  7 ball pythons
  3 frilled lizards
  6 rats
97 creatures vanquished.

Notes
Turn   | Place    | Note
-------+----------+-------------------------------------------
     0 | D:1      | HallandMoats the Formicid Fighter began the quest for the
                  | Orb.
     0 | D:1      | Reached XP level 1. HP: 18/18 MP: 1/1
   199 | D:1      | Reached XP level 2. HP: 23/24 MP: 2/2
   344 | D:1      | Found a shimmering blue altar of Sif Muna.
   454 | D:1      | Reached skill level 1 in Invocations
   454 | D:1      | Reached XP level 3. HP: 13/29 MP: 3/3
  1161 | D:1      | Found a faded altar of an unknown god.
  1346 | D:1      | Prayed at the altar of an unknown god.
  1346 | D:1      | Became a worshipper of Ru the Awakened
  1356 | D:2      | Reached XP level 4. HP: 22/37 MP: 3/5
  1361 | D:2      | Gained mutation: You cannot be stealthy. [Ru sacrifice]
  1683 | D:2      | Reached skill level 1 in Dodging
  1685 | D:2      | HP: 1/37 [gnoll (8)]
  1688 | D:2      | Reached XP level 5. HP: 2/42 MP: 6/6
  2791 | D:3      | Noticed Sigmund
  2825 | D:3      | Killed Sigmund
  2826 | D:3      | Reached XP level 6. HP: 42/48 MP: 6/8
  3221 | D:3      | Reached XP level 7. HP: 53/55 MP: 9/9
  4038 | D:4      | Identified the +1 robe of Townaug {Fly Str+2}
  4189 | D:4      | Reached skill level 5 in Shields
  4823 | D:4      | Noticed Menkaure
  4837 | D:5      | Entered Level 5 of the Dungeon
  4837 | D:5      | Found a transporter.
  5345 | D:4      | Killed Menkaure
  5691 | D:4      | Gained mutation: You are hated by all. [Ru sacrifice]
  5691 | D:4      | Reached * piety under Ru
  5691 | D:4      | Reached ** piety under Ru
  5896 | D:5      | Reached skill level 5 in Fighting
  5896 | D:5      | Reached skill level 5 in Armour
  5896 | D:5      | Reached XP level 8. HP: 62/62 MP: 10/10
  6772 | D:6      | Slain by a water moccasin

Illustrated notes

Levels and vault maps discovered:
D:1:      beargit_arrival_diablo_church, layout_loops_corners,
          basic_ecumenical_altar, minmay_hexomino_r4
D:2:      layout_loops_ring
D:3:      layout_rooms, uniq_sigmund
D:4:      layout_basic, minmay_crossroads, uniq_menkaure
D:5:      kennysheep_spiral_hall, layout_layer_cave,
          gammafunk_ghost_abyssal_escape, st_stairs_13
D:6:      layout_loops_ring, minmay_temple_entry_statues,
          gammafunk_ghost_necromancy, uniq_eustachio

Skill      XL: |  1  2  3  4  5  6  7  8 |
---------------+-------------------------+-----
Invocations    | 1 2 3 4 |  4.4
Shields        | 4 5 |  5.8
Dodging        | 1 2 3 |  3.2
Fighting       | 4 5 |  5.4
Axes           | 3 4 |  4.2
Armour         | 4 5 |  5.3

Action                   |  1- 3 |  4- 6 |  7- 9 || total
-------------------------+-------+-------+-------++-------
Melee: War axe           |    71 |   111 |    62 ||   244
       Whip              |       |       |    75 ||    75
Invok: Sacrifice Stealth |       |     1 |       ||     1
       Sacrifice Love    |       |       |     1 ||     1
  Use: Scroll            |       |     3 |       ||     3
       Potion            |       |     1 |     4 ||     5
Armor: Scale mail        |    31 |    72 |    55 ||   158
Dodge: Dodged            |    37 |    77 |    84 ||   198
Block: Buckler           |    14 |    47 |    36 ||    97

Table legend: (Time is in decaauts)
 A = Elapsed time spent in this place.
 B = Non-inter-level travel time spent in this place.
 C = Inter-level travel time spent in this place.
 D = Time resting spent in this place.
 E = Time spent auto-exploring this place.
 F = Levels seen in this place.
 G = Mean time per level.
                   A        B        C        D        E       F      G
               +--------+--------+--------+--------+--------+-----+--------+
         Total |   6876 |   6794 |     82 |   2254 |   3457 |   6 | 1146.0 |
       Dungeon |   6876 |   6794 |     82 |   2254 |   3457 |   6 | 1146.0 |
               +--------+--------+--------+--------+--------+-----+--------+

Top non-repeatable levels by time:
     D:1: 1782 daAuts
     D:2: 1403 daAuts
     D:4: 1358 daAuts
     D:5: 1090 daAuts
     D:3: 896 daAuts
     D:6: 345 daAuts
